Map: Acid Plant LE

Players

lIIllllIIlll (INnoVation)

  • Race: Terran Terran
  • League: Master
  • Spawn Location: 11:00

Bunny - Winner!

  • Race: Terran Terran
  • League: Diamond
  • Spawn Location: 5:00

Event: HomeStory Cup XVIII

VOD

Have the link to the VOD?

Description

Time

  • Played on: Nov. 25, 2018, 7:42 a.m.
  • Length: 15:34

All games in this series

Show
View Real Time Build Order
Export as new Build Order

lIIllllIIlll Terran 

Build Orders: Reaper Expand 

Get SALT Encoding   

  12  0:00  SCV  
  13  0:13  Supply Depot  
  13  0:17  SCV  
  14  0:30  SCV  
  15  0:36  Refinery  
  15  0:42  SCV  
  16  0:49  Barracks  
  16  0:54  SCV  
  17  1:06  SCV  
  18  1:18  SCV  
  19  1:36  Orbital Command, Reaper  
  20  1:52  Command Center  
  20  2:04  Factory  
  20  2:07  SCV  
  21  2:12  Barracks Reactor  
  21  2:19  SCV, Supply Depot  
  22  2:26  Refinery  
  22  2:31  SCV  
  23  2:43  SCV  
  24  2:51  Starport  
  24  2:53  Hellion  
  24  2:54  Hellion  
  28  3:04  Orbital Command  
  29  3:05  SCV  
  29  3:16  Hellion x2  
  29  3:18  SCV  
  34  3:22  Barracks Tech Lab  
  34  3:26  Medivac  
  36  3:31  SCV x2  
  38  3:37  Supply Depot  
  38  3:46  SCV x2  
  40  3:49  Marine x2, Cyclone  
  45  3:58  Viking  
  45  4:01  Supply Depot  
  47  4:06  SCV x2  
  47  4:09  Marine x2  
  51  4:18  SCV x2  
  51  4:24  Siege Tank  
  56  4:26  Refinery  
  56  4:27  Marine x2  
  56  4:31  SCV x2  
  58  4:43  SCV x2  
  54  4:54  Supply Depot  
  54  4:55  Barracks Tech Lab, SCV x2  
  56  5:01  Siege Tank, Medivac  
  61  5:07  SCV  
  61  5:10  Supply Depot  
  61  5:13  Command Center  
  62  5:16  Marine, Stimpack, SCV  
  62  5:19  SCV  
  65  5:26  Supply Depot  
  65  5:28  SCV, Refinery  
  66  5:31  SCV  
  66  5:33  Marine  
  68  5:40  SCV, Siege Tank  
  72  5:43  SCV  
  72  5:44  Viking  
  72  5:45  Viking  
  77  5:52  SCV, Supply Depot  
  77  5:55  SCV  
  77  5:56  Marine  
  80  5:59  Liberator x2  
  79  6:04  SCV  
  79  6:06  Barracks  
  79  6:07  Barracks  
  79  6:08  SCV  
  78  6:14  Marine  
  78  6:16  SCV  
  78  6:21  SCV  
  72  6:26  Siege Tank  
  72  6:28  SCV  
  72  6:32  Marine  
  75  6:36  Engineering Bay  
  75  6:37  Barracks, Engineering Bay  
  75  6:40  Barracks  
  75  6:45  Orbital Command  
  75  6:50  Marine  
  75  6:52  SCV x2  
  78  6:54  Barracks Reactor x2  
  78  6:58  Siege Tank  
  81  7:04  SCV x2  
  81  7:08  Marine, Viking x2  
  84  7:10  Terran Infantry Weapons Level 1  
  84  7:12  Missile Turret  
  84  7:14  Missile Turret  
  88  7:17  Terran Infantry Armor Level 1  
  88  7:25  Missile Turret, Marine  
  88  7:26  SCV x2  
  88  7:27  Combat Shield  
  88  7:28  Supply Depot  
  88  7:29  Supply Depot  
  91  7:33  Missile Turret, Barracks Reactor  
  91  7:35  Barracks Reactor  
  91  7:36  Marine  
  92  7:37  Marine  
  92  7:38  Marine x2  
  92  7:43  Marine, SCV x2  
  98  7:46  Missile Turret  
  96  7:54  Marine  
  96  7:55  Marine x3, Orbital Command  
  91  8:01  Marine  
  91  8:04  Medivac x2  
  92  8:05  SCV x2  
  92  8:11  Supply Depot  
  92  8:12  Supply Depot x2  
  87  8:33  Marine x3, Siege Tank  
  87  8:34  Marine, SCV  
  95  8:36  Orbital Command  
  95  8:38  SCV  
  94  8:45  Marine x4  
  98  8:49  SCV  
  98  8:50  SCV  
  98  8:52  Armory  
  98  8:54  Supply Depot  
  99  8:58  Marine x4  
  103  9:04  SCV x3  
  103  9:08  Sensor Tower  
  103  9:09  Marine  
  106  9:10  Marine x2  
  106  9:15  Siege Tank  
  111  9:18  Refinery  
  111  9:19  Refinery  
  111  9:20  Supply Depot  
  111  9:23  Supply Depot  
  111  9:27  Marine x6  
  117  9:31  Supply Depot  
  117  9:36  Supply Depot  
  117  9:38  Terran Infantry Armor Level 2, Terran Infantry Weapons Level 2  
  117  9:39  Terran Vehicle Weapons Level 1  
  117  9:42  SCV x3  
  120  9:46  Supply Depot  
  120  9:47  Supply Depot  
  120  9:54  Medivac  
  120  9:55  Medivac  
  120  9:56  Siege Tank  
  125  10:00  Marine  
  125  10:01  Marine x8  
  130  10:12  SCV x2  
  122  10:18  Marine x4  
  122  10:21  Marine x5  
  109  10:28  Siege Tank  
  109  10:34  Medivac  
  109  10:35  Medivac  
  96  10:36  Marine x4  
  96  10:39  Marine x5  
  86  10:54  Marine x4  
  90  11:01  Siege Tank  
  90  11:04  Marine x4, Medivac  
  93  11:05  Medivac  
  93  11:08  Marine  
  102  11:12  Marine  
  102  11:14  Marine x3  
  104  11:22  Marine x4, Liberator  
  104  11:25  Liberator  
  108  11:26  Marine  
  98  11:34  Siege Tank  
  98  11:35  Marine x4  
  98  11:39  Marine  
  108  11:40  Marine x3  
  108  11:44  Marine  
  116  11:53  Marine x4  
  120  11:56  Terran Infantry Weapons Level 3  
  120  11:57  Marine x2  
  122  12:01  Marine  
  122  12:02  Marine x2  
  122  12:04  Orbital Command  
  124  12:11  Marine x4  
  124  12:15  Marine  
  124  12:21  Marine, Siege Tank  
  108  12:24  Marine  
  108  12:27  Marine  
  106  12:34  Marine  
  106  12:35  Marine x2  
  109  12:39  Marine  
  110  12:47  Marine x4  
  111  12:51  Medivac  
  111  12:52  Medivac  
  111  12:56  Marine x3  
  118  12:59  Marine  
  118  13:00  Marine  
  120  13:05  Siege Tank  
  120  13:06  Marine  
  124  13:13  Marine x2, Orbital Command, Refinery  
  124  13:14  Refinery  
  124  13:15  Marine  
  124  13:17  Marine  
  124  13:19  Marine  
  129  13:29  Marine  
  129  13:30  Marine x3  
  129  13:31  Marine  
  124  13:37  Siege Tank  
  124  13:39  Marine  
  124  13:40  Marine x3  
  110  13:47  Refinery  
  110  13:50  Medivac  
  110  13:51  Refinery  
  110  13:53  Marine  
  110  13:54  Marine  
  114  13:56  Marine  
  114  13:57  Marine  
  114  13:59  Marine  
  114  14:00  Marine  
  114  14:01  Marine  
  119  14:03  Marine x2  
  121  14:13  Marine  
  121  14:14  Marine x2  
  121  14:15  Marine  
  123  14:17  Marine  
  123  14:18  Marine  
  123  14:20  Marine  
  123  14:21  Marine  
  122  14:27  Marine  
  112  14:31  Marine  
  112  14:32  Marine x2  
  112  14:35  Marine  
  112  14:36  Marine  
  89  14:41  Marine  
  89  14:42  Marine  
  89  14:45  Marine  
  80  14:49  Marine  
  80  14:50  Marine x2  
  80  14:53  Medivac  
  80  14:55  Marine  
  80  14:56  Marine  
  80  14:59  Marine  
  83  15:00  Marine  
  83  15:03  Marine  
  73  15:07  Marine  
  73  15:08  Marine x2  
  73  15:13  Marine x2  
  70  15:17  Barracks  
  70  15:18  Barracks  
  70  15:20  Barracks  
Show
View Real Time Build Order
Export as new Build Order

Bunny Terran - Winner!

Build Orders:  

Get SALT Encoding   

  12  0:00  SCV  
  13  0:12  SCV  
  14  0:18  Supply Depot  
  14  0:24  SCV  
  15  0:31  Refinery  
  15  0:40  SCV  
  16  0:52  SCV  
  16  0:54  Barracks  
  17  1:04  SCV  
  18  1:16  SCV  
  19  1:28  SCV  
  20  1:41  Reaper  
  20  1:43  Command Center  
  21  1:52  Orbital Command  
  21  2:03  Factory  
  21  2:11  Supply Depot  
  21  2:14  Barracks Reactor  
  21  2:18  SCV  
  22  2:23  Refinery  
  22  2:31  SCV  
  23  2:43  SCV  
  24  2:48  Starport  
  24  2:54  Hellion x2  
  24  2:57  SCV  
  29  3:04  Orbital Command  
  29  3:09  SCV  
  29  3:11  Barracks Tech Lab  
  30  3:16  Hellion  
  30  3:18  Hellion  
  34  3:22  SCV  
  34  3:25  Medivac  
  37  3:30  SCV  
  37  3:33  Stimpack  
  38  3:36  SCV  
  38  3:37  Marine  
  40  3:44  Widow Mine x2  
  40  3:47  SCV  
  45  3:50  Supply Depot  
  45  3:52  SCV  
  46  4:06  Marine  
  46  4:12  Viking, SCV  
  46  4:13  Barracks, SCV  
  46  4:15  Barracks  
  50  4:19  Factory Reactor  
  50  4:20  Supply Depot  
  50  4:24  SCV  
  50  4:25  SCV  
  50  4:27  Engineering Bay  
  52  4:36  SCV  
  52  4:37  SCV  
  52  4:38  Marine  
  47  4:48  SCV, Starport Reactor  
  47  4:50  SCV  
  49  4:53  Terran Infantry Weapons Level 1  
  49  4:58  Marine  
  50  5:00  SCV  
  50  5:02  SCV  
  50  5:03  Marine x2  
  54  5:08  Refinery  
  56  5:14  SCV x2  
  60  5:22  Factory Tech Lab  
  60  5:26  SCV x2  
  60  5:27  Supply Depot  
  61  5:30  Medivac  
  61  5:31  Medivac  
  61  5:34  Marine x5  
  67  5:38  SCV x2  
  67  5:40  Refinery  
  69  5:43  Supply Depot  
  69  5:50  SCV x2  
  69  5:55  Marine x4  
  75  6:00  Siege Tank  
  76  6:06  Combat Shield  
  76  6:07  SCV x2  
  78  6:15  Marine x2  
  78  6:16  Marine  
  78  6:17  Marine  
  71  6:20  SCV x2  
  67  6:27  Marine  
  67  6:28  Medivac  
  67  6:32  SCV x2  
  72  6:33  Marine x2  
  72  6:34  Marine, Siege Tank  
  72  6:38  Marine  
  79  6:44  Marine  
  80  6:48  SCV x2  
  80  6:51  Marine, Terran Infantry Armor Level 1  
  80  6:52  Marine  
  85  6:59  Supply Depot  
  84  7:11  SCV  
  84  7:12  SCV  
  86  7:20  Supply Depot  
  86  7:21  Marine x5  
  91  7:23  Command Center  
  91  7:27  Barracks, SCV x2  
  91  7:28  Barracks  
  93  7:36  Supply Depot  
  93  7:38  Supply Depot  
  93  7:41  Siege Tank  
  96  7:44  Marine x4  
  96  7:45  Marine  
  85  8:02  Marine x4  
  82  8:14  SCV x2  
  82  8:15  Barracks Reactor  
  73  8:20  Medivac  
  73  8:21  Marine  
  73  8:23  Barracks Reactor  
  73  8:26  Marine  
  70  8:31  Medivac  
  70  8:32  SCV  
  70  8:34  SCV  
  74  8:39  Marine x3  
  74  8:40  Marine  
  76  8:46  Siege Tank  
  79  8:52  Medivac  
  79  8:54  Marine  
  79  8:55  Marine x2  
  83  8:57  Marine  
  83  9:01  Orbital Command  
  85  9:03  Marine  
  85  9:05  Medivac  
  88  9:11  Marine x4  
  88  9:15  Marine  
  88  9:16  Marine  
  94  9:18  Marine, Siege Tank  
  94  9:22  Medivac  
  100  9:30  Marine x6  
  106  9:33  Marine  
  106  9:37  Medivac  
  109  9:38  Marine x2  
  111  9:47  Marine  
  111  9:48  Marine x2  
  111  9:51  Marine x4  
  111  9:52  Medivac  
  120  9:56  Marine, Siege Tank  
  124  10:03  Supply Depot  
  124  10:04  Marine  
  124  10:05  Marine x3  
  124  10:07  Medivac  
  130  10:08  Marine  
  123  10:19  Marine  
  111  10:22  Medivac  
  111  10:25  Marine  
  111  10:26  Marine x4  
  110  10:28  Siege Tank  
  97  10:36  Marine x3, Medivac  
  97  10:37  Marine  
  101  10:43  Marine x4  
  101  10:46  Marine  
  104  10:52  Medivac  
  106  10:58  SCV x3  
  106  11:00  Siege Tank  
  112  11:06  Medivac  
  112  11:10  Marine x5, SCV x3  
  122  11:12  Marine  
  122  11:15  Marine  
  122  11:23  SCV x2  
  122  11:24  SCV  
  117  11:35  Siege Tank  
  117  11:36  Medivac  
  117  11:37  Medivac  
  124  11:43  Marine x7  
  131  11:47  Marine  
  131  11:50  Sensor Tower  
  131  11:53  SCV x3  
  134  11:56  Missile Turret x2, Marine  
  134  12:01  Marine  
  136  12:02  Supply Depot  
  132  12:15  Siege Tank  
  132  12:16  Marine  
  132  12:17  Marine x6  
  132  12:21  Marine x2  
  125  12:33  Engineering Bay  
  125  12:34  Marine x3, Armory  
  128  12:42  Marine x5  
  133  12:47  Siege Tank  
  133  12:49  Marine  
  122  12:52  Marine x2, Viking x2  
  122  12:55  Marine  
  129  13:00  Marine  
  129  13:02  Marine x4  
  134  13:10  Marine  
  134  13:11  Marine x2  
  137  13:13  Marine  
  137  13:15  Supply Depot  
  137  13:18  Marine  
  139  13:20  Marine x3  
  139  13:23  Supply Depot  
  142  13:32  Marine x4  
  127  13:38  Marine  
  119  13:41  Marine  
  118  13:50  Siege Tank  
  118  13:51  Marine x3  
  118  13:55  Marine x3  
  125  13:57  Marine  
  125  13:59  Marine  
  129  14:07  Marine  
  129  14:09  Marine x3  
  133  14:13  Marine x2  
  133  14:14  Marine  
  133  14:15  Marine  
  134  14:17  Marine  
  135  14:24  Marine  
  135  14:27  Marine x3  
  135  14:30  Marine  
  140  14:31  Marine  
  140  14:32  Marine  
  140  14:33  Marine  
  140  14:35  Marine  
  140  14:38  Siege Tank  
  132  14:42  Marine  
  132  14:44  Marine  
  132  14:45  Marine x2  
  126  14:48  Marine  
  126  14:49  Marine x2  
  126  14:51  Marine  
  123  14:52  Marine, Medivac  
  126  15:00  Marine  
  126  15:02  Marine, Medivac  
  126  15:03  Marine x2  
  126  15:06  Marine  
  133  15:07  Marine  
  133  15:13  Marine  
  133  15:14  Marine x2  
Tags
 
Add a new tag
Caveats
  • Supply blocks, unpowered buildings, or Contaminate may cause inaccurate times.
  • Supply counts are checked every 10 seconds.